 Dungeon Crawl Stone Soup version 0.28-a0-664-gc179e30c89 (webtiles) character file.

Game seed: 11765625953204355432

11 kipponium the Skirmisher (level 2, -11/24 HPs)
             Began as a Demonspawn Abyssal Knight on Oct 16, 2021.
             Was an Initiate of Lugonu.
             Mangled by Sigmund (12 damage)
             ... on level 2 of the Dungeon.
             The game lasted 00:01:49 (1186 turns).

kipponium the Skirmisher (DsAK)                     Turns: 1186, Time: 00:01:50

Health: -11/24     AC:  3    Str: 13    XL:     2   Next: 13%
Magic:  3/3        EV: 11    Int: 11    God:    Lugonu [......]
Gold:   41         SH:  0    Dex: 13    Spells: 1/1 levels left

rFire   . . .      SeeInvis .   a - +1 mace
rCold   . . .      Faith    .   (no shield)
rNeg    . . .      Spirit   .   b - +0 leather armour
rPois   .          Reflect  .   (helmet restricted)
rElec   .          Harm     .   (no cloak)
rCorr   .          Rampage  .   (no gloves)
Will    .....                   (no boots)
Stlth   +.........              (no amulet)
HPRegen 0.08/turn               (no ring)
MPRegen 0.08/turn               (no ring)

@: confused, weak-willed, attractive
A: antennae 1
a: Renounce Religion


You were on level 2 of the Dungeon.
You worshipped Lugonu.
Lugonu was noncommittal.
You visited 1 branch of the dungeon, and saw 2 of its levels.
You visited the Abyss 1 time.

You collected 41 gold pieces.

Inventory:

Hand Weapons
 a - a +1 mace (weapon)
Armour
 b - a +0 leather armour (worn)
Scrolls
 d - a scroll of amnesia


   Skills:
 - Level 3.0 Fighting
 + Level 2.6 Maces & Flails
 - Level 1.7 Armour
 - Level 0.8 Dodging
 - Level 2.4 Invocations


You had one spell level left.
You didn't know any spells.
Your spell library contained the following spells:

 Spells                   Type           Power      Damage    Failure   Level
 Ensorcelled Hibernation  Hex/Ice        0%         N/A       56%         2
 Spider Form              Tmut/Pois      0%         N/A       80%         3


Dungeon Overview and Level Annotations

Branches:
Dungeon (2/15)

Altars:

Annotations:
D:2 Sigmund


Innate Abilities, Weirdness & Mutations

You have a pair of small antennae on your head.


Message History

Sigmund hits you from afar with a +0 scythe.
Okay, then.
It was a potion of attraction.
You feel attractive to monsters. The kobold hits you but does no damage.
You barely miss the kobold.
Sigmund casts a spell.
Sigmund flickers and vanishes!
Deactivating autopickup; reactivate with Ctrl-A.
The kobold hits you with a +0 dagger.
You hit the kobold.
The kobold is severely wounded.
Something hits you. The kobold completely misses you.
The kobold hits you with a +0 dagger.
You thump the kobold!
You kill the kobold!
Lugonu accepts your kill. Something hits you but does no damage.
A giant cockroach comes into view.
Something is attracted toward you.
The giant cockroach is attracted toward you.
You closely miss something. Something hits you!
* * * LOW HITPOINT WARNING * * *
You hit something but do no damage.
You hear some strange, mumbled words.
You are confused.
You're too confused to attack without stumbling around!
You're too confused to attack without stumbling around!
You bump into the tree.
Something hits you but does no damage.
You're too confused to move!
You bump into the tree.
Something hits you.
* * * LOW HITPOINT WARNING * * *
Something hits you.
* * * LOW HITPOINT WARNING * * *
Something is attracted toward you.
The giant cockroach is attracted toward you.
The kobold is attracted toward you.
You miss something. Something hits you!
Ouch! That really hurt!
You die...

♣.♣♣
#....
###
♣♣.♣
#....
.
♣.♣♣
.....
#
♣..♣
♣♣.♣
♣♣.♣
♣..♣
♣.♣♣
♣@♣
♣{♣
♣B♣
♣K♣
.K♣
..♣
...$
♣♣..
♣♣♣


You could see a giant cockroach and a kobold (weak-willed).

Vanquished Creatures
  A bat (D:1)
  An endoplasm (D:1)
  A giant cockroach (D:1)
  A goblin (D:2)
  A hobgoblin (D:1)
  A quokka (D:1)
  A frilled lizard (D:1)
  2 kobolds (D:2)
  A rat (D:2)
10 creatures vanquished.

Notes
Turn   | Place    | Note
-------+----------+-------------------------------------------
     0 | Abyss:1  | kipponium the Demonspawn Abyssal Knight began the quest for
                  | the Orb.
     0 | Abyss:1  | Reached XP level 1. HP: 18/18 MP: 2/2
    49 | Abyss:1  | Noticed a thrashing horror
    51 | D:1      | Escaped the Abyss
   998 | D:2      | Gained mutation: You have a pair of small antennae on your
                  | head. [demonic ancestry]
   998 | D:2      | Reached XP level 2. HP: 24/24 MP: 3/3
  1172 | D:2      | Noticed Sigmund
  1185 | D:2      | HP: 1/24 [something (1)]
  1186 | D:2      | Mangled by Sigmund

Illustrated notes

Levels and vault maps discovered:
D:1:      lightli_arrival_farm, layout_loops_ring
D:2:      kb_forest_paths, layout_rooms, chequers_ecumenical_altar_grove,
          serial_park_tiny_2, minmay_statues_item, guppyfry_early_lair_pool,
          uniq_sigmund

Skill      XL: |  1 |
---------------+----+-----
Maces & Flails | 2 |  2.6
Fighting       | |  3.0
Armour         | |  1.7
Dodging        | |  0.8
Invocations    | |  2.4

Action                   || total
-------------------------++-------
Melee: Mace              ||    35
Invok: Depart the Abyss  ||     1
  Use: Scroll            ||     2
       Potion            ||     1
Armor: Leather armour    ||    14
Dodge: Dodged            ||    17

Table legend: (Time is in decaauts)
 A = Elapsed time spent in this place.
 B = Non-inter-level travel time spent in this place.
 C = Inter-level travel time spent in this place.
 D = Time resting spent in this place.
 E = Time spent auto-exploring this place.
 F = Levels seen in this place.
 G = Mean time per level.
                   A        B        C        D        E       F      G
               +--------+--------+--------+--------+--------+-----+--------+
         Total |   1225 |   1138 |     87 |    238 |    719 |   3 |  408.3 |
       Dungeon |   1174 |   1087 |     87 |    238 |    676 |   2 |  587.0 |
         Abyss |     51 |     51 |      0 |      0 |     43 |   1 |   51.0 |
               +--------+--------+--------+--------+--------+-----+--------+

Top non-repeatable levels by time:
     D:1: 979 daAuts
     D:2: 195 daAuts
 Abyss:1: 51 daAuts
